 Dungeon Crawl Stone Soup version 0.29.1-13-g9f3cf754e1 (webtiles) character file.

Game seed: 8273567517674684365

428 porpoise the Grasshopper (level 6, -11/49 HPs)
             Began as a Demonspawn Warper on Jan 22, 2023.
             Mangled by an ogre
             ... wielding a +0 giant club
              (19 damage)
             ... on level 5 of the Dungeon on Jan 23, 2023.
             The game lasted 00:20:16 (5284 turns).

porpoise the Grasshopper (Demonspawn Warper)        Turns: 5284, Time: 00:20:17

Health: -11/49     AC:  5    Str: 13    XL:     6   Next: 65%
Magic:  0/9        EV: 11    Int: 14    God:
Gold:   209        SH:  0    Dex: 13    Spells: 3/9 levels left

rFire   . . .      SeeInvis .   a - +4 rapier
rCold   + . .      Faith    .   (no shield)
rNeg    . . .      Spirit   +   y - +0 leather armour
rPois   .          Reflect  .   (helmet restricted)
rElec   .          Harm     .   (no cloak)
rCorr   +          Rampage  .   (no gloves)
Will    .....                   l - +1 pair of boots
Stlth   +.........              t - amulet of guardian spirit
HPRegen 0.16/turn               f - ring of resist corrosion
MPRegen 0.11/turn               q - ring of protection from cold

@: no status effects
A: antennae 2, claws 1, weakness stinger 1
a: no special abilities


You were on level 5 of the Dungeon.
You visited 1 branch of the dungeon, and saw 5 of its levels.

You collected 209 gold pieces.

Inventory:

Hand Weapons
 a - a +4 rapier (weapon)
 w - a +3 whip of pain
Missiles
 c - 5 boomerangs of dispersal
 g - 2 boomerangs (quivered)
Armour
 l - a +1 pair of boots (worn)
 y - a +0 leather armour (worn)
Magical Staves
 d - a staff of death
Jewellery
 f - a ring of resist corrosion (left claw)
 q - a ring of protection from cold (right claw)
 t - an amulet of guardian spirit (around neck)
 x - a ring of see invisible
 B - a +6 ring of dexterity
Wands
 u - a wand of digging (7)
Scrolls
 e - 2 scrolls of blinking
 h - a scroll of magic mapping {unknown}
 i - a scroll of immolation {unknown}
 j - a scroll of enchant weapon
 k - 2 scrolls of teleportation
 m - a scroll of butterflies {unknown}
 o - a scroll of noise {unknown}
 p - a scroll of vulnerability {unknown}
 z - a scroll of identify {unknown}
Potions
 b - a potion of brilliance {unknown}
 n - a potion of degeneration {unknown}
 r - a potion of lignification {unknown}
 s - 2 potions of resistance
 v - a potion of haste {unknown}
 A - a potion of mutation {unknown}


   Skills:
 + Level 4.3 Fighting
 * Level 0.0 Short Blades
 - Level 0.8 Throwing
 - Level 0.8 Armour
 - Level 1.7 Dodging
 - Level 4.0 Unarmed Combat
 - Level 2.0 Spellcasting
 + Level 4.5 Translocations


You had 3 spell levels left.
You knew the following spells:

 Your Spells              Type           Power      Damage    Failure   Level
b - Iskenderun's Mystic   Conj/Tloc      7%         2d4       75%         4
k - Blink                 Tloc           28%        N/A       7%          2

Your spell library contained the following spells:

 Spells                   Type           Power      Damage    Failure   Level
 Gell's Gravitas          Tloc           14%        N/A       14%         3
 Lesser Beckoning         Tloc           14%        N/A       14%         3
 Teleport Other           Tloc           14%        N/A       14%         3
 Sting                    Tmut/Pois      4%         1d3       30%         1
 Ensorcelled Hibernation  Hex/Ice        2%         N/A       41%         2
 Poisonous Vapours        Pois/Air       2%         N/A       41%         2
 Conjure Flame            Conj/Fire      1%         6-21      65%         3
 Spider Form              Tmut/Pois      1%         N/A       65%         3
 Manifold Assault         Tloc           14%        N/A       78%         5
 Anguish                  Hex/Necr       0%         N/A       96%         4
 Olgreb's Toxic Radiance  Pois           1%         N/A       96%         4
 Sticky Flame             Conj/Fire      1%         2d3       96%         4
 Dispersal                Tloc           7%         N/A       100%        6


Dungeon Overview and Level Annotations

Branches:
Dungeon (5/15)
 Temple: D:4-7

Altars:


Innate Abilities, Weirdness & Mutations

You have a pair of antennae on your head.
You have sharp fingernails.
You have a small tail.


Message History

B - a +6 ring of dexterity An ogre comes into view.
It is wielding a +0 giant club.
Throw: 2 boomerangs
Press: ? - help, Q - select action, (/) - cycle Shift-Dir - straight line, f - ogre
Aim: an ogre, wielding a +0 giant club (74% to hit)
You throw a boomerang. The boomerang barely misses the ogre.
Throw: 2 boomerangs
Press: ? - help, Q - select action, (/) - cycle Shift-Dir - straight line, f/p - ogre
Aim: an ogre, wielding a +0 giant club (74% to hit)
You throw a boomerang.
The boomerang completely misses the ogre.
Throw: 2 boomerangs
Press: ? - help, Q - select action, (/) - cycle Shift-Dir - straight line, f/p - ogre
Aim: an ogre, wielding a +0 giant club (74% to hit)
You throw a boomerang. The boomerang barely misses the ogre.
Throw: 2 boomerangs
Press: ? - help, Q - select action, (/) - cycle Shift-Dir - straight line, f/p - ogre
Aim: an ogre, wielding a +0 giant club (74% to hit)
You throw a boomerang. The boomerang hits the ogre.
The ogre is lightly wounded.
The ogre attacks as you move away!
The ogre hits you with a +0 giant club!!
A shadow imp comes into view.
Found a knobbly peridot ring.
The shadow imp shouts!
The ogre hits you with a +0 giant club!
You barely miss the ogre.
The ogre is lightly wounded.
The ogre barely misses you.
A quokka comes into view.
You hit the ogre.
The ogre is heavily wounded.
The ogre hits you with a +0 giant club!!
* * * LOW HITPOINT WARNING * * *
You barely miss the ogre.
The ogre is heavily wounded.
You hit the ogre.
Your tail-slap misses the ogre.
The ogre is heavily wounded.
The ogre hits you with a +0 giant club!!
You die...

.. ##......##
.#.#..#..###
.....#...#
#.....#.####
#.###......#
#.........###########
...###.#.............#
. #.#.#.#.........#
#.O@............#
..........#.........#
.......5..#.......<.#
..........###########
.....r....#
..........#
..........#
#=........#


You could see an ogre, a shadow imp and a quokka.

Vanquished Creatures
  2 necrophages (D:4)
  2 hounds (D:4)
  A jelly (D:4)
  Jessica (D:2)
  Terence (D:3)
  2 iguanas (D:4)
  3 gnolls (D:4)
  3 adders
  2 worms
  2 dart slugs
  2 orcs (D:4)
  4 endoplasms
  2 giant cockroaches
  2 goblins (D:1)
  2 hobgoblins (D:2)
  4 jackals (D:2)
  3 kobolds
  5 quokkas
  3 ball pythons
  4 bats
  A frilled lizard (D:1)
  4 rats (D:3)
55 creatures vanquished.

Notes
Turn   | Place    | Note
-------+----------+-------------------------------------------
     0 | D:1      | porpoise the Demonspawn Warper began the quest for the Orb.
     0 | D:1      | Reached XP level 1. HP: 16/16 MP: 3/3
     3 | D:1      | Noticed an electric eel
   341 | D:1      | Noticed an electric eel
   418 | D:1      | Discovered your monstrous ancestry.
   418 | D:1      | Gained mutation: You have a small tail. [demonic ancestry]
   418 | D:1      | Reached XP level 2. HP: 10/22 MP: 5/5
   693 | D:1      | Found a faded altar of an unknown god.
  1511 | D:2      | You fall into a shaft and drop 2 floors!
  1644 | D:4      | Gained mutation: You have sharp fingernails. [demonic
                  | ancestry]
  1644 | D:4      | Reached XP level 3. HP: 21/28 MP: 6/6
  1820 | D:3      | Noticed Terence
  1839 | D:3      | Gained mutation: You have a pair of small antennae on your
                  | head. [demonic ancestry]
  1839 | D:3      | Reached XP level 4. HP: 28/34 MP: 7/7
  1844 | D:3      | Killed Terence
  2838 | D:2      | Noticed Jessica
  2850 | D:2      | Killed Jessica
  2851 | D:2      | Reached XP level 5. HP: 26/41 MP: 4/8
  3036 | D:3      | Learned a level 2 spell: Blink
  3065 | D:3      | Got the Catalogue of the Planar Summer
  3071 | D:3      | Learned a level 4 spell: Iskenderun's Mystic Blast
  4401 | D:4      | Gained mutation: You have a pair of antennae on your head.
                  | [demonic ancestry]
  4401 | D:4      | Reached XP level 6. HP: 36/45 MP: 9/9
  4926 | D:5      | Entered Level 5 of the Dungeon
  5284 | D:5      | Mangled by an ogre

Illustrated notes

Levels and vault maps discovered:
D:1:      arrival_aquarium_b, layout_rooms,
          hellmonk_ecumenical_altar_pennies_from_heaven
D:2:      layout_basic, uniq_jessica
D:3:      layout_rooms, uniq_terence
D:4:      layout_basic, hangedman_glass_teeth
D:5:      layout_rooms

Skill      XL: |  1  2  3  4  5  6 |
---------------+-------------------+-----
Unarmed Combat | 2 3 4 |  4.0
Translocations | 3 4 |  4.5
Fighting       | 3 4 |  4.3
Throwing       | |  0.8
Armour         | |  0.8
Dodging        | |  1.7
Spellcasting   | |  2.0

Action                   |  1- 3 |  4- 6 || total
-------------------------+-------+-------++-------
Melee: Whip              |    86 |    52 ||   138
       Unarmed           |     3 |       ||     3
       Tailslap          |     7 |    15 ||    22
       Punch             |     1 |     3 ||     4
       Rapier            |       |    75 ||    75
Throw: Boomerang         |     1 |    21 ||    22
 Cast: Blink             |       |     2 ||     2
  Use: Potion            |     1 |     2 ||     3
       Scroll            |       |     2 ||     2
Armor: Leather armour    |    21 |    30 ||    51
Dodge: Dodged            |    54 |    72 ||   126
